 Dungeon Crawl Stone Soup version 0.24-a0-244-ga6a6ab7d13 (webtiles) character file.

Game seed: 1384631338764677177

1286 Redear the Thaumaturge (level 8, -2/41 HPs)
             Began as a Deep Elf Fire Elementalist on Apr 11, 2019.
             Was an Initiate of Vehumet.
             Shot with an arrow by a centaur (12 damage)
             ... on level 6 of the Dungeon.
             The game lasted 00:09:54 (3811 turns).

Redear the Thaumaturge (Deep Elf Fire Elementalist) Turns: 3811, Time: 00:09:55

Health: -2/41      AC:  2    Str:  5    XL:     8   Next: 30%
Magic:  13/22      EV: 13    Int: 23    God:    Vehumet [......]
Gold:   238        SH:  0    Dex: 15    Spells: 11/23 levels left

rFire    . . .     SeeInvis .   k - +2 dagger (venom)
rCold    . . .     Gourm    .   (no shield)
rNeg     . . .     Faith    .   a - +0 robe
rPois    .         Spirit   .   (no helmet)
rElec    .         Reflect  .   (no cloak)
rCorr    .         Harm     .   (no gloves)
MR       .....                  (no boots)
Stlth    ++........             (no amulet)
HPRegen  0.13/turn              (no ring)
MPRegen  0.18/turn              (no ring)

@: no status effects
A: no striking features
a: Renounce Religion


You were on level 6 of the Dungeon.
You worshipped Vehumet.
Vehumet was noncommittal.
You were hungry.

You visited 1 branch of the dungeon, and saw 6 of its levels.

You collected 238 gold pieces.

Inventory:

Hand Weapons
 k - a +2 dagger of venom (weapon)
Armour
 a - a +0 robe (worn)
Jewellery
 n - a cursed ring of attention {unknown}
 r - a +4 ring of evasion
Wands
 j - a wand of random effects (9)
 p - a wand of polymorph (7)
 I - a wand of iceblast (8)
Scrolls
 b - a scroll of noise {unknown}
 c - a scroll of fear {unknown}
 d - 3 scrolls of magic mapping {unknown}
 f - 6 scrolls of amnesia
 h - 2 scrolls of random uselessness {unknown}
 i - 5 scrolls of identify {unknown}
 l - 3 scrolls of remove curse {unknown}
 T - 5 scrolls of teleportation
Potions
 e - a potion of might {unknown}
 g - 2 potions of lignification {unknown}
 m - 3 potions of brilliance {unknown}
 o - a potion of cancellation {unknown}
 q - a potion of ambrosia {unknown}
 s - a potion of heal wounds {unknown}
 t - a potion of agility {unknown}
 Q - 2 potions of curing
Comestibles
 z - 12 rations


   Skills:
 - Level 2.4 Dodging
 - Level 2.4 Stealth
 + Level 8.2 Spellcasting
 + Level 6.3 Conjurations
 + Level 7.1 Fire Magic


You had 11 spell levels left.
You knew the following spells:

 Your Spells              Type           Power        Failure   Level  Hunger
a - Flame Tongue          Conj/Fire      #####        1%          1    None
b - Throw Flame           Conj/Fire      #####.       1%          2    None
c - Summon Small Mammal   Summ           #...         7%          1    None
e - Fireball              Conj/Fire      #####.....   12%         5    #####..
j - Conjure Flame         Conj/Fire      #####...     1%          3    None

Your spell library contained the following spells:

 Spells                   Type           Power        Failure   Level  Hunger
 Inner Flame              Hex/Fire       ####....     4%          3    None
 Sticky Flame             Conj/Fire      #####...     4%          4    ###....
 Animate Skeleton         Necr           N/A          7%          1    None
 Apportation              Tloc           #.....       7%          1    None
 Confusing Touch          Hex            #.....       7%          1    None


Dungeon Overview and Level Annotations

Branches:
Dungeon (6/15)
 Temple: D:4-7

Altars:
Cheibriados
Hepliaklqana
Makhleb
Nemelex Xobeh
Okawaru
Qazlal
Vehumet
Wu Jian
Xom

Shops:
D:5 %


Message History

The centaur closely misses your bat.
Your bat hits the centaur but does no damage. x2
You now have 14/22 mp.
Casting: Summon Small Mammal (safe; 7% risk of failure)
Confirm with . or Enter, or press ? or * to list all spells.
Your bat barely misses the centaur. x2; The centaur wields a +0 shortbow.
The centaur shoots an arrow.
The arrow closely misses you.
Your rat bites the centaur but does no damage.
You now have 13/22 mp.
You swap places.
Your bat barely misses the centaur. x2
The centaur shoots an arrow.
The arrow hits your rat.
Your rat bites the centaur but does no damage.
Casting: Summon Small Mammal (safe; 7% risk of failure)
Confirm with . or Enter, or press ? or * to list all spells.
Your bat hits the centaur but does no damage.
Your bat closely misses the centaur.
The centaur shoots an arrow.
The arrow hits your rat!
Your rat dies!
The centaur shoots an arrow.
The arrow hits you!
You die...

############# #...........#
############ #...........#
#...........
#...........###...........
#..........('§'c.......... #
#.......b..c###...........
###≈##........§b§###......(....
#..≈..........r..##....<.###
.).≈#.........((@##.##...# .≈.
#.#.###########.##...# .≈ #...#
..##...# ###.# #####...# #>.
..... ### .##### ..


You could see a centaur, 2 friendly bats and a friendly rat.

Vanquished Creatures
  Pikel (D:5)
  Duvessa (D:5)
  An ogre (D:4)
  Dowan (D:5)
  A scorpion (D:4)
  A howler monkey (D:4)
  2 crimson imps (D:5)
  A bullfrog zombie (D:5)
  3 hounds (D:4)
  An orc wizard (D:5)
  Ijyb (D:5)
  5 worker ants (D:4)
  A hound zombie (D:5)
  7 adders
  A shadow imp (D:5)
  An ooze (D:2)
  A worm (D:4)
  A dart slug (D:2)
  4 leopard geckos
  9 orcs
  2 giant cockroaches
  5 goblins
  4 hobgoblins
  7 jackals
  8 kobolds
  A quokka (D:4)
  3 bats
  4 frilled lizards
  6 rats
84 creatures vanquished.

Notes
Turn   | Place    | Note
-------+----------+-------------------------------------------
     0 | D:1      | Redear the Deep Elf Fire Elementalist began the quest for
                  | the Orb.
     0 | D:1      | Reached XP level 1. HP: 10/10 MP: 6/6
   157 | D:1      | Reached XP level 2. HP: 15/15 MP: 2/8
   453 | D:1      | You fall through a shaft!
   513 | D:2      | Reached skill level 2 in Conjurations
   557 | D:2      | Reached XP level 3. HP: 15/19 MP: 3/10
   683 | D:2      | Reached skill level 4 in Spellcasting
   793 | D:2      | Found a stormy altar of Qazlal.
   817 | D:2      | Reached skill level 4 in Fire Magic
   830 | D:2      | Found an iron altar of Okawaru.
  1500 | D:3      | Reached XP level 4. HP: 14/24 MP: 4/12
  1911 | D:3      | You fall through a shaft!
  1915 | D:4      | Found a burning altar of Makhleb.
  1919 | D:4      | Reached skill level 3 in Conjurations
  1967 | D:4      | Reached XP level 5. HP: 24/28 MP: 8/14
  1969 | D:4      | Noticed an ogre
  1989 | D:4      | Reached skill level 5 in Spellcasting
  2003 | D:4      | Killed an ogre
  2003 | D:4      | Reached skill level 5 in Fire Magic
  2003 | D:4      | Reached XP level 6. HP: 22/32 MP: 6/16
  2026 | D:4      | Reached skill level 4 in Conjurations
  2052 | D:4      | Learned a level 3 spell: Conjure Flame
  2055 | D:4      | Learned a level 2 spell: Throw Flame
  2061 | D:4      | Learned a level 5 spell: Fireball
  2198 | D:4      | Reached skill level 6 in Spellcasting
  2287 | D:4      | Found a sparkling altar of Nemelex Xobeh.
  2546 | D:4      | Found an ornate altar of the Wu Jian Council.
  2577 | D:4      | Found a hazy altar of Hepliaklqana.
  2738 | D:5      | Entered Level 5 of the Dungeon
  2792 | D:5      | Noticed Ijyb
  2802 | D:5      | Killed Ijyb
  2802 | D:5      | Reached XP level 7. HP: 36/36 MP: 10/18
  2823 | D:5      | Found Abbun's Food Boutique.
  2934 | D:5      | Noticed Pikel
  2956 | D:5      | Killed Pikel
  2956 | D:5      | Reached skill level 7 in Spellcasting
  2956 | D:5      | Reached skill level 5 in Conjurations
  2956 | D:5      | Reached skill level 6 in Fire Magic
  2991 | D:5      | Learned a level 1 spell: Summon Small Mammal
  3017 | D:5      | Reached XP level 8. HP: 40/41 MP: 13/21
  3115 | D:5      | Found a radiant altar of Vehumet.
  3152 | D:5      | Became a worshipper of Vehumet
  3199 | D:5      | Reached skill level 6 in Conjurations
  3246 | D:5      | Found a shimmering altar of Xom.
  3252 | D:5      | Noticed Duvessa
  3258 | D:5      | Noticed Dowan
  3276 | D:5      | Killed Duvessa
  3276 | D:5      | Reached skill level 8 in Spellcasting
  3276 | D:5      | Reached skill level 7 in Fire Magic
  3305 | D:5      | Killed Dowan
  3492 | D:5      | Found a snail-covered altar of Cheibriados.
  3811 | D:6      | Shot with an arrow by a centaur

Levels and vault maps discovered:
D:1:      elethiomel_arrival_maze, layout_basic
D:2:      layout_basic, grunt_qazlal_clouds, nicolae_overflow_crystal_walls,
          nrook_campfire
D:3:      layout_loops_cross
D:4:      layout_basic, makhleb_blood_cavern_becter, marbit_many_paths,
          overflow_temple_1_default, lemuel_doored_altar, first_ration
D:5:      layout_basic, lemuel_round_altar, lemuel_round_altar,
          fiery_altar_vehumet, serial_shops, shop, uniq_ijyb, uniq_pikel,
          uniq_duvessa
D:6:      layout_basic, chequers_serial_rivers_micro_e, minivault_27

Skill      XL: |  1  2  3  4  5  6  7  8 |
---------------+-------------------------+-----
Conjurations   | 2 3 4 5 6 |  6.3
Spellcasting   | 4 5 6 7 8 |  8.2
Fire Magic     | 4 5 6 7 |  7.1
Dodging        | |  2.4
Stealth        | |  2.4

Action                   |  1- 3 |  4- 6 |  7- 9 || total
-------------------------+-------+-------+-------++-------
Melee: Unarmed           |     5 |       |       ||     5
       Dagger            |       |       |    35 ||    35
 Cast: Flame Tongue      |    72 |    73 |    54 ||   199
       Summon Small Mamm |       |       |    22 ||    22
       Conjure Flame     |       |       |     2 ||     2
  Use: Potion            |       |     1 |       ||     1
       Scroll            |       |       |     2 ||     2
 Stab: Distracted        |       |       |     1 ||     1
  Eat: Chunk             |     2 |     3 |     3 ||     8
Armor: Robe              |     6 |     2 |     4 ||    12
Dodge: Dodged            |    21 |    20 |    39 ||    80

Table legend:
 A = Non-vault XP
 B = Vault XP
 C = Vault XP percentage of total XP
 D = Non-vault monster count
 E = Vault monster count
 F = Vault count percentage of total count
                 A         B        C        D         E       F
            +---------+---------+-------+---------+---------+-------
      Total |     875 |     963 |  52.4 |      78 |       6 |   7.1
            +---------+---------+-------+---------+---------+-------
        D:1 |      25 |       0 |   0.0 |      15 |       0 |   0.0
        D:2 |      57 |       0 |   0.0 |      22 |       0 |   0.0
        D:3 |      35 |       0 |   0.0 |      11 |       0 |   0.0
        D:4 |     530 |      75 |  12.4 |      18 |       2 |  10.0
        D:5 |     225 |     888 |  79.8 |      11 |       4 |  26.7
        D:6 |       3 |       0 |   0.0 |       1 |       0 |   0.0
            +---------+---------+-------+---------+---------+-------
